 Dungeon Crawl Stone Soup version 0.19.1-1-g22dce08 (webtiles) character file.

1092 Peloso the Slasher (level 8, -6/66 HPs)
             Began as a Ghoul Gladiator on Dec 30, 2016.
             Mangled by an orc warrior
             ... wielding a cursed -1 dire flail
              (19 damage)
             ... on level 5 of the Dungeon.
             The game lasted 00:14:54 (4930 turns).

Peloso the Slasher (Ghoul Gladiator)                Turns: 4930, Time: 00:14:54

Health: -6/66      AC: 11    Str: 19    XL:     8   Next: 31%
Magic:  7/7        EV: 14    Int:  3    God:
Gold:   159        SH:  0    Dex: 20    Spells: 0 memorised, 7 levels left

rFire  . . .     SeeInvis .     a - +0 long sword
rCold  + . .     Gourm    +     b - +0 chain mail
rNeg   + + +     Faith    .     (no shield)
rPois  ∞         Spirit   .     c - +1 helmet
rElec  .         Reflect  .     (no cloak)
rCorr  .         Harm     .     (no gloves)
MR     .....                    (no boots)
Stlth  ..........               t - amulet of the gourmand
                                r - +4 ring of dexterity
                                i - ring of flight

@: agile, rotting
A: rotting body, claws 1, carnivore 3, cold resistance 1, negative energy
resistance 3, slow regeneration 1, torment resistance, unbreathing
a: Evoke Flight


You were on level 5 of the Dungeon.
You were not hungry.

You visited 1 branch of the dungeon, and saw 6 of its levels.

You collected 159 gold pieces.

Inventory:

Hand Weapons
 a - a +0 long sword (weapon)
Missiles
 d - 3 throwing nets (quivered)
Armour
 b - a +0 chain mail (worn)
 c - a +1 helmet (worn)
 p - a +0 scale mail
Jewellery
 i - a ring of flight (left claw)
 r - a +4 ring of dexterity (right claw)
 t - an amulet of the gourmand (around neck)
Wands
 q - a wand of heal wounds (5/9)
 z - a wand of slowing (22/48)
Scrolls
 h - 2 scrolls of magic mapping
 k - 2 scrolls of remove curse
 n - 2 scrolls of teleportation
Potions
 e - a potion of curing
 j - 3 potions of degeneration {unknown}
 l - 2 potions of flight {unknown}
 m - 2 potions of brilliance {unknown}
 v - a potion of resistance {unknown}
Books
 s - a book of Necromancy

   Spells                             Type                      Level
   a - Pain                           Necromancy                   1
   b - Animate Skeleton               Necromancy                   1
   c - Vampiric Draining              Necromancy                   3
   d - Regeneration                   Charms/Necromancy            3
   e - Animate Dead                   Necromancy                   4
   f - Control Undead                 Necromancy                   4
 w - a book of Spatial Translocations

   Spells                             Type                      Level
   a - Blink                          Translocation                2
   b - Shroud of Golubria             Charms/Translocation         2
   c - Lesser Beckoning               Translocation                3
   d - Portal Projectile              Translocation                3
   e - Teleport Other                 Translocation                3
   f - Passage of Golubria            Translocation                4
Comestibles
 f - 6 meat rations
 g - 2 chunks of flesh
 o - a beef jerky


   Skills:
 + Level 4.1 Fighting
 + Level 6.5 Long Blades
 + Level 2.0 Throwing
 + Level 4.6 Armour
 + Level 3.6 Dodging
 + Level 0.8 Stealth


You had 7 spell levels left.
You didn't know any spells.

Dungeon Overview and Level Annotations

Branches:
Dungeon (6/15)
 Temple: D:4-7

Altars:
Dithmenos
Elyvilon
Gozag
Hepliaklqana
Nemelex Xobeh
Ru

Annotations:
D:3 hoopyfrood's ghost, amateur MiFi
D:4 Robin


Innate Abilities, Weirdness & Mutations

Your body is rotting away.
You thrive on raw meat.
You are immune to poison.
You have sharp fingernails.
You are carnivorous and can eat meat at any time.
Your flesh is cold resistant. (rC+)
You are immune to negative energy. (rN+++)
You regenerate slowly when monsters are visible.
You are immune to unholy pain and torment.
You can survive without breathing.


Message History

The orc warrior closely misses you.
You riposte.
You hit the orc warrior.
The orc warrior is moderately wounded.
You closely miss the orc warrior.
The orc warrior is moderately wounded.
The orc warrior closely misses you.
You hit the orc warrior but do no damage.
The orc warrior is moderately wounded.
The orc warrior closely misses you.
You riposte.
You hit the orc warrior.
The orc warrior is heavily wounded.
You hit the orc warrior but do no damage.
The orc warrior is heavily wounded.
The orc warrior hits you with a dire flail!
* * * LOW HITPOINT WARNING * * *
You hit the orc warrior but do no damage.
The orc warrior is heavily wounded.
The orc warrior completely misses you.
You closely miss the orc warrior.
The orc warrior is heavily wounded.
The orc warrior hits you with a dire flail!!
You die...

..........).#######.....##...###.
..............)........###...###.
.........)..#######.#.## #.......
......##.#### ###.#.(###......<
.........# ##...#...##......#
......#### #..#####..[..###.#
......### #.## ###.##.####.#
........# #.# ##...........#
........# #@###............#
........### #o##..............
..........# ##.##(.............
....#.###.## ##..##..............
≈≈......#..# #..###..............
≈≈≈..##....###.## #..............
♣≈≈..####...##.#####.....<.......
≈≈≈..# ##...>................###
≈≈...♣ ###...#.###..#####..#.#..


You could see an orc warrior.

Vanquished Creatures
  A sky beast (D:5)
  3 ogres
  A scorpion (D:4)
  A crimson imp (D:5)
  A bullfrog zombie (D:5)
  A hound (D:5)
  An orc priest (D:5)
  2 orc wizards (D:4)
  A gnoll shaman (D:4)
  Jessica (D:2)
  Natasha (twice) (D:2)
  An iguana (D:5)
  5 worker ants
  7 gnolls
  9 adders
  3 worms
  4 dart slugs
  6 leopard geckos
  16 orcs
  A ball python (D:5)
  7 giant cockroaches
  2 goblins (D:2)
  6 hobgoblins
  8 jackals
  11 kobolds
  3 quokkas
  6 bats
  5 frilled lizards
  A leopard gecko skeleton (D:5)
  4 rats
120 creatures vanquished.

Notes
Turn   | Place    | Note
-------+----------+-------------------------------------------
     0 | D:1      | Peloso the Ghoul Gladiator began the quest for the Orb.
     0 | D:1      | Reached XP level 1. HP: 17/17 MP: 0/0
   237 | D:1      | Reached XP level 2. HP: 9/24 MP: 1/1
   705 | D:1      | Reached skill level 3 in Long Blades
   819 | D:2      | Reached XP level 3. HP: 29/29 MP: 2/2
   931 | D:2      | Found a sparkling altar of Nemelex Xobeh.
  1099 | D:2      | Noticed Jessica
  1129 | D:2      | Reached skill level 1 in Armour
  1131 | D:2      | Killed Jessica
  1131 | D:2      | Reached XP level 4. HP: 36/37 MP: 3/3
  1221 | D:2      | Found a faded altar of an unknown god.
  1223 | D:2      | Noticed Natasha
  1240 | D:2      | Killed Natasha
  1282 | D:2      | Reached XP level 5. HP: 27/42 MP: 4/4
  1348 | D:2      | Reached skill level 4 in Long Blades
  1509 | D:2      | Noticed Natasha
  1519 | D:2      | Killed Natasha
  1854 | D:3      | Reached XP level 6. HP: 50/50 MP: 5/5
  1915 | D:3      | Noticed hoopyfrood's ghost (amateur MiFi)
  2187 | D:4      | Found a sacrificial altar of Ru.
  2384 | D:3      | Reached skill level 5 in Long Blades
  2480 | D:4      | Reached XP level 7. HP: 52/57 MP: 6/6
  2495 | D:4      | Found a hazy altar of Hepliaklqana.
  3357 | D:4      | Noticed Robin
  3357 | D:4      | Found a shadowy altar of Dithmenos.
  3521 | D:4      | Found an opulent altar of Gozag.
  3591 | D:5      | Entered Level 5 of the Dungeon
  3843 | D:5      | Reached skill level 6 in Long Blades
  3843 | D:5      | Reached XP level 8. HP: 36/66 MP: 7/7
  4669 | D:5      | Found a white marble altar of Elyvilon.
  4909 | D:6      | HP: 3/66 [orc warrior/dire flail (9)]
  4930 | D:5      | Mangled by an orc warrior

Skill      XL: |  1  2  3  4  5  6  7  8 |
---------------+-------------------------+-----
Dodging        | 3 |  3.6
Throwing       | 2 |  2.0
Long Blades    | 3 4 5 6 |  6.5
Armour         | 1 2 3 4 |  4.6
Fighting       | 3 4 |  4.1
Stealth        | |  0.8

Action                   |  1- 3 |  4- 6 |  7- 9 || total
-------------------------+-------+-------+-------++-------
Melee: Long sword        |   105 |   181 |   230 ||   516
Evoke: Wand              |       |       |     1 ||     1
  Use: Scroll            |       |     6 |     3 ||     9
       Potion            |       |       |     1 ||     1
  Eat: Chunk             |     7 |    20 |    14 ||    41
Armor: Leather armour    |    13 |       |       ||    13
       Scale mail        |    30 |   119 |    73 ||   222
       Chain mail        |       |       |    10 ||    10
Dodge: Dodged            |    76 |   189 |   138 ||   403
       Rpst.: Long sword |    20 |    66 |    47 ||   133
